 Dungeon Crawl Stone Soup version 0.19.0 (webtiles) character file.

37 Danakh the Skirmisher (level 3, 24/24 HPs)
             Began as a Gargoyle Berserker on Nov 7, 2016.
             Was a Believer of Trog.
             Got out of the dungeon alive.
             The game lasted 00:02:29 (1498 turns).

Danakh the Skirmisher (Gargoyle Berserker)          Turns: 1498, Time: 00:02:30

Health: 24/24      AC: 15    Str: 21    XL:     3   Next: 39%
Magic:  3/3        EV:  6    Int:  7    God:    Trog [**....]
Gold:   49         SH:  0    Dex:  9    Spells: 0 memorised, 2 levels left

rFire  . . .     SeeInvis .     a - +0 hand axe
rCold  . . .     Gourm    .     o - +0 plate armour
rNeg   + . .     Faith    .     (no shield)
rPois  ∞         Spirit   .     n - +0 helmet
rElec  +         Reflect  .     (no cloak)
rCorr  .         Harm     .     (no gloves)
MR     .....     Rnd*Tele +     (no boots)
Stlth  ..........               (no amulet)
                                (no ring)
                                q - ring of teleportation (curse)

@: no status effects
A: negative energy resistance 1, electricity resistance, unbreathing,
petrification resistance, rot immunity, AC +3
a: Berserk, Trog's Hand, Burn Spellbooks, Renounce Religion


You escaped.
You worshipped Trog.
Trog was pleased with you.
You were not hungry.

You visited 1 branch of the dungeon, and saw 2 of its levels.

You collected 49 gold pieces.

Inventory:

Hand Weapons
 a - a +0 hand axe (weapon)
Armour
 b - a +0 animal skin
 n - a +0 helmet (worn)
 o - a +0 plate armour (worn)
Jewellery
 q - a cursed ring of teleportation (left hand)
Scrolls
 d - a scroll of teleportation {unknown}
 e - a scroll of identify {unknown}
 g - a scroll of immolation {unknown}
 l - 3 scrolls of blinking {unknown}
 m - a scroll of magic mapping {unknown}
Potions
 h - 2 potions of degeneration {unknown}
 i - a potion of invisibility {unknown}
 k - a potion of brilliance {unknown}
Comestibles
 c - a bread ration
 f - 2 meat rations
 j - 2 beef jerkies


   Skills:
 + Level 3.7 Fighting
 * Level 3.4 Axes
 + Level 2.5 Armour
 - Level 1.5 Dodging


You had 2 spell levels left.
You didn't know any spells.

Dungeon Overview and Level Annotations

Branches:
Dungeon (2/15)

Altars:


Innate Abilities, Weirdness & Mutations

You are resistant to torment.
Your stone body is resilient. (AC +3)
You are immune to poison.
You resist negative energy. (rN+)
You are resistant to electric shocks. (rElec)
You can survive without breathing.
You are immune to petrification.
You are immune to rotting.


Message History

No target in view!
No target in view!
No target in view!
q - a twisted marble ring Put on which piece of jewellery? (? for menu, Esc to quit)
You feel slightly jumpy.
Oops, that ring feels deathly cold.
q - a cursed ring of teleportation (left hand)
There is a stone staircase leading up here.
You climb upwards.
There is a stone staircase leading down here.
You see here a whip.
HP restored.
Eating a chunk of flesh.
You start eating the chunk of flesh.
You are feeling hungry.
This raw flesh tastes terrible.
You enter the shallow water.
Moving in this stuff is going to be slow.
There is a staircase leading out of the dungeon here.
Are you sure you want to leave the Dungeon?
This will make you lose the game!
You have escaped!

.♣♣♣.♣♣
♣♣♣.♣ ♣♣
♣♣.♣♣♣
♣.♣ ♣
♣♣..♣♣♣
♣♣.♣
♣♣♣..♣
♣..♣ ♣♣.♣
♣♣.♣♣
♣♣.♣♣
♣♣..♣♣ ♣♣
♣.♣♣
♣.♣..♣♣♣
≈♣ ♣♣.♣♣
♣......♣
≈≈≈♣
♣.♣.♣
♣..@..♣♣
≈≈≈♣♣♣..♣
♣P...♣♣ ♣
♣♣♣P♣
♣♣♣♣♣♣ ♣♣


There were no monsters in sight!

Vanquished Creatures
  An ooze (D:1)
  A worm (D:2)
  3 dart slugs (D:1)
  A giant cockroach (D:2)
  2 hobgoblins (D:1)
  4 jackals (D:1)
  A ball python (D:1)
  3 bats
  3 frilled lizards (D:1)
  2 goblins
  2 kobolds (D:1)
  3 rats
26 creatures vanquished.

Notes
Turn   | Place    | Note
-------+----------+-------------------------------------------
     0 | D:1      | Danakh the Gargoyle Berserker began the quest for the Orb.
     0 | D:1      | Reached XP level 1. HP: 14/14 MP: 1/1
   359 | D:1      | Reached XP level 2. HP: 8/19 MP: 2/2
   975 | D:1      | Reached XP level 3. HP: 23/23 MP: 3/3
  1318 | D:2      | Reached ** piety under Trog
  1332 | D:2      | Found a faded altar of an unknown god.
  1498 | D:$      | Got out of the dungeon alive.

Skill      XL: |  1 |
---------------+----+-----
Axes           | 3 |  3.4
Fighting       | |  3.7
Armour         | |  2.5
Dodging        | |  1.5

Action                   || total
-------------------------++-------
Melee: Hand axe          ||    79
Invok: Berserk           ||     1
  Eat: Chunk             ||     3
Armor: Animal skin       ||     8
       Plate armour      ||    47
Dodge: Dodged            ||    28
